 Dungeon Crawl Stone Soup version 0.28.0-43-g3370ac3207 (webtiles) character file.

Game seed: 1906909355308552999

51 Araneus the Skirmisher (level 3, -4/29 HPs)
             Began as a Demonspawn Fighter on Mar 12, 2022.
             Slain by a river rat (8 damage)
             ... on level 3 of the Dungeon.
             The game lasted 00:03:01 (1597 turns).

Araneus the Skirmisher (Demonspawn Fighter)         Turns: 1597, Time: 00:03:01

Health: -4/29      AC:  6    Str: 18    XL:     3   Next: 58%
Magic:  3/3        EV: 11    Int:  9    God:
Gold:   129        SH:  4    Dex: 12    Spells: 2/2 levels left

rFire   . . .      SeeInvis .   a - +0 trident
rCold   . . .      Faith    .   c - +0 buckler
rNeg    . . .      Spirit   .   b - +0 scale mail
rPois   .          Reflect  .   (no helmet)
rElec   .          Harm     .   (no cloak)
rCorr   .          Rampage  .   (no gloves)
Will    .....                   (no boots)
Stlth   ..........              (no amulet)
HPRegen 0.09/turn               (no ring)
MPRegen 0.08/turn               (no ring)

@: no status effects
A: repulsion field 1
a: no special abilities


You were on level 3 of the Dungeon.
You visited 1 branch of the dungeon, and saw 3 of its levels.

You collected 129 gold pieces.

Inventory:

Hand Weapons
 a - a +0 trident (weapon)
Armour
 b - a +0 scale mail (worn)
 c - a +0 buckler (worn)
Scrolls
 l - 2 scrolls of teleportation {unknown}
 m - a scroll of enchant weapon {unknown}
 n - a scroll of torment {unknown}
Potions
 d - a potion of might
 h - 2 potions of lignification {unknown}
 i - a potion of degeneration {unknown}


   Skills:
 + Level 3.2 Fighting
 + Level 2.7 Polearms
 + Level 3.0 Armour
 + Level 0.5 Dodging
 + Level 2.9 Shields


You had 2 spell levels left.
You didn't know any spells.
Your spell library was empty.

Dungeon Overview and Level Annotations

Branches:
Dungeon (3/15)

Altars:

Portals:
Sewer: D:3


Innate Abilities, Weirdness & Mutations

You are surrounded by a mild repulsion field. (EV +2)


Message History

The ball python constricts you.
You hit the ball python.
You kill the ball python!
The giant cockroach closely misses you.
You hit the giant cockroach but do no damage.
The giant cockroach closely misses you.
You puncture the giant cockroach!
You kill the giant cockroach!
The ball python bites you but does no damage.
The ball python closely misses you.
You hit the ball python but do no damage.
The ball python bites you.
* * * LOW HITPOINT WARNING * * *
The ball python misses you.
You barely miss the ball python. You block the ball python's attack. x2
The ball python closely misses you. The ball python misses you.
You hit the ball python.
The ball python is moderately wounded.
You block the ball python's attack. The ball python misses you.
You hit the ball python.
The ball python is severely wounded.
The ball python misses you. x2; The ball python bites you.
* * * LOW HITPOINT WARNING * * *
You block the ball python's attack.
You puncture the ball python!
You kill the ball python!
The river rat barely misses you.
You hit the river rat.
The river rat is moderately wounded.
The river rat barely misses you.
You hit the river rat.
The river rat is heavily wounded.
The river rat closely misses you.
You closely miss the river rat.
The river rat is heavily wounded.
The river rat bites you but does no damage.
You closely miss the river rat.
The river rat is heavily wounded.
The river rat bites you!
You die...

,,,,,* *.#....### *,..>,,,.,*
,,,,,****,...,...# **#.#**.#,*
,,,,,,,,,,######.#####)# *.#,###*
,,,,*****,#≈≈≈≈#....†..###.#....,
*,*** *,#≈≈≈≈#..####.g.....#*,*
*,* *,#≈∩≈≈#..# #..#..###*,* *,*
*,#≈≈Sr'r## ###.#.# *,* *,*
*,#≈≈≈≈#r# #.....#***,* *,*
#.######@# #.#.#......* *,***
#....(...# #o#.######., ,,,,*
########## #.#.# *,* ,,,,* #o#.#
*,* ,,,,* #.#.# *,, **,,* #l#.#
*** **,,* ****######g#.# * **,,*
*,,,,...##.#,* *
**,,*******##.#####.##.#,* **


You could see a river rat and a rat.

Vanquished Creatures
  6 endoplasms
  2 giant cockroaches
  5 goblins
  5 hobgoblins
  2 jackals (D:1)
  3 quokkas
  4 ball pythons
  6 bats
  3 frilled lizards
  6 kobolds
  5 rats
47 creatures vanquished.

Notes
Turn   | Place    | Note
-------+----------+-------------------------------------------
     0 | D:1      | Araneus the Demonspawn Fighter began the quest for the Orb.
     0 | D:1      | Reached XP level 1. HP: 18/18 MP: 1/1
   223 | D:1      | Gained mutation: You are surrounded by a mild repulsion
                  | field. (EV +2) [demonic ancestry]
   223 | D:1      | Reached XP level 2. HP: 20/24 MP: 2/2
   442 | D:1      | Found a faded altar of an unknown god.
  1045 | D:2      | Reached XP level 3. HP: 29/29 MP: 3/3
  1453 | D:3      | HP: 1/29 [spore (28)]
  1455 | D:3      | Found a glowing drain.
  1597 | D:3      | Slain by a river rat

Illustrated notes

Levels and vault maps discovered:
D:1:      ebering_trefoil_twist, layout_loops_corners, basic_ecumenical_altar
D:2:      layout_rooms
D:3:      layout_loops_ring, nemelex_spade_bored_becter, portal_sewer_entry_c,
          minivault_23

Skill      XL: |  1  2 |
---------------+-------+-----
Polearms       | 2 |  2.7
Armour         | 3 |  3.0
Fighting       | |  3.2
Dodging        | |  0.5
Shields        | |  2.9

Action                   || total
-------------------------++-------
Melee: Trident           ||   120
  Use: Scroll            ||     5
Armor: Scale mail        ||    42
Dodge: Dodged            ||    55
Block: Buckler           ||    20
